 Dungeon Crawl Stone Soup version 0.29-a0-284-gf9362112df (webtiles) character file.

Game seed: 4548718133048121016

198 Gildeon the Ducker (level 5, -10/37 HPs)
             Began as an Octopode Fighter on Mar 14, 2022.
             Was an Initiate of Hepliaklqana.
             Mangled by an ogre
             ... wielding a +0 giant spiked club
              (30 damage)
             ... on level 4 of the Dungeon.
             The game lasted 00:07:27 (3737 turns).

Gildeon the Ducker (Octopode Fighter)               Turns: 3737, Time: 00:07:27

Health: -10/37     AC:  1    Str: 17    XL:     5   Next: 77%
Magic:  5/5        EV: 13    Int: 11    God:    Hepliaklqana [......]
Gold:   300        SH:  4    Dex: 11    Spells: 4/4 levels left

rFire   . . .      SeeInvis .   a - +0 trident
rCold   + . .      Faith    .   b - +0 buckler
rNeg    . . .      Spirit   .   (helmet restricted)
rPois   .          Reflect  .   (no amulet)
rElec   .          Harm     .   j - ring of protection from cold
rCorr   .          Rampage  .   (no ring)
Will    .....                   (no ring)
Stlth   +++.......              (no ring)
HPRegen 0.12/turn               (no ring)
MPRegen 0.09/turn               (no ring)
                                (no ring)
                                (no ring)

@: no status effects
A: almost no armour, amphibious, 8 rings, camouflage 1, gelatinous body 1,
(nimble swimmer 1), tentacles
a: Renounce Religion


You were on level 4 of the Dungeon.
You worshipped Hepliaklqana.
Hepliaklqana was noncommittal.
You visited 2 branches of the dungeon, and saw 5 of its levels.

You collected 300 gold pieces.

Inventory:

Hand Weapons
 a - a +0 trident (weapon)
Armour
 b - a +0 buckler (worn)
Jewellery
 j - a ring of protection from cold (left tentacle)
Wands
 k - a wand of flame (5)
Scrolls
 e - a scroll of enchant weapon {unknown}
 g - 2 scrolls of enchant armour
 i - a scroll of noise {unknown}
 l - 2 scrolls of fog
 m - a scroll of fear {unknown}
 o - a scroll of teleportation {unknown}
Potions
 c - a potion of might
 f - 3 potions of flight
 h - 4 potions of curing
 n - a potion of resistance {unknown}
 p - a potion of cancellation {unknown}
 q - a potion of haste {unknown}


   Skills:
 + Level 3.7 Fighting
 * Level 3.6 Polearms
 + Level 3.8 Dodging
 + Level 2.7 Stealth
 + Level 3.7 Shields


You had 4 spell levels left.
You didn't know any spells.
Your spell library contained the following spells:

 Spells                   Type           Power      Damage    Failure   Level
 Gell's Gravitas          Tloc           0%         N/A       80%         3
 Lesser Beckoning         Tloc           0%         N/A       80%         3
 Teleport Other           Tloc           0%         N/A       80%         3


Dungeon Overview and Level Annotations

Branches:
Dungeon (4/15)             Temple (1/1) D:4

Altars:
Ashenzari
Cheibriados
Dithmenos
Elyvilon
Fedhas
Gozag
Hepliaklqana
Kikubaaqudgha
Makhleb
Nemelex Xobeh
Okawaru
Qazlal
Ru
Sif Muna
Trog
Uskayaw
Vehumet
Wu Jian
Xom
Zin
The Shining One

Portals:
Abyss: D:3

Annotations:
D:3 2 transporters, Crownlay's ghost, amateur OpEE; Sigmund


Innate Abilities, Weirdness & Mutations

You cannot wear most types of armour.
You are amphibious.
You can wear up to eight rings at the same time.
Your skin changes colour to match your surroundings (Stealth+).
Your rubbery body absorbs attacks. (AC +1, EV +1)
((You are camouflaged when in or above water. (Stealth+)))
You have tentacles for arms and can constrict up to eight enemies at once.


Message History

Found a robe.
Found a stone staircase leading up.
Found 16 stones.
A kobold comes into view. It is wielding a +0 whip.
Found 2 scrolls of identify.
The helpless kobold fails to defend itself.
You hit the kobold.
You kill the kobold!
Things that are here:
a +0 whip; 5 stones
r - 2 scrolls of identify
As you read the scroll of identify, it crumbles to dust.
l - 2 scrolls of fog
As you read the scroll of identify, it crumbles to dust.
d - 2 scrolls of vulnerability You drop 2 scrolls of vulnerability.
Unknown command.
An ogre and a ball python come into view.
The ball python hisses angrily.
The ogre shouts!
There is a stone staircase leading up here.
Reach: a) +0 trident
Press: ? - help, Dir - move target, f - ogre
Aim: an ogre, wielding a +0 giant spiked club (about 28% to evade your +0 trident)
You reach to attack!
You puncture the ogre!
The ogre is moderately wounded.
You puncture the ball python!
You kill the ball python!
You hit the ogre.
The ogre is heavily wounded.
The ogre closely misses you.
You hit the ogre.
The ogre is heavily wounded.
The ogre hits you with a +0 giant spiked club!
You hit the ogre.
The ogre is severely wounded.
You hit the ogre.
The ogre is almost dead.
The ogre hits you with a +0 giant spiked club!!
Ouch! That really hurt!
You die...

###############
..(...#@.?....#########
......O.#####..).......
.......................
.######...###..#######.
#........#..#
###+##..##.#..#
#....#.....####
#...<##.......#
#....##.......#


You could see an ogre.

Vanquished Creatures
  3 gnolls (D:4)
  6 adders
  An ufetubus (D:4)
  3 worms
  A dart slug (D:2)
  8 orcs (D:3)
  4 endoplasms
  3 giant cockroaches
  9 hobgoblins
  3 jackals
  A quokka (D:3)
  10 ball pythons
  8 bats
  6 frilled lizards
  10 goblins
  11 kobolds
  6 rats
93 creatures vanquished.

Notes
Turn   | Place    | Note
-------+----------+-------------------------------------------
     0 | D:1      | Gildeon the Octopode Fighter began the quest for the Orb.
     0 | D:1      | Reached XP level 1. HP: 16/16 MP: 1/1
   243 | D:1      | Reached XP level 2. HP: 21/21 MP: 2/2
   351 | D:1      | Found a faded altar of an unknown god.
   490 | D:1      | Reached skill level 1 in Stealth
   490 | D:1      | Reached XP level 3. HP: 23/26 MP: 3/3
  1363 | D:2      | Reached XP level 4. HP: 27/31 MP: 4/4
  2194 | D:3      | Reached XP level 5. HP: 36/36 MP: 5/5
  2278 | D:3      | Found a transporter.
  2291 | D:3      | Noticed Sigmund
  2325 | D:3      | Found a one-way gate to the infinite horrors of the Abyss.
  2325 | D:3      | Noticed Crownlay's ghost (amateur OpEE)
  2336 | D:3      | Found a transporter.
  2344 | D:3      | Noticed a small abomination
  2917 | D:3      | Noticed a kobold brigand
  3249 | D:4      | Found a staircase to the Ecumenical Temple.
  3254 | Temple   | Entered the Ecumenical Temple
  3625 | Temple   | Became a worshipper of Hepliaklqana the Forgotten
  3728 | D:4      | Noticed an ogre
  3737 | D:4      | Mangled by an ogre

Illustrated notes

Levels and vault maps discovered:
D:1:      wheals_arrival_linesprint, layout_rooms, basic_ecumenical_altar,
          grunt_decor_arrowhead
D:2:      layout_loops_cross, minmay_tromino_v7
D:3:      minmay_chambers_of_threes, layout_rooms,
          gammafunk_ghost_abyssal_escape, uniq_sigmund
D:4:      layout_basic, nicolae_yredelemnul_corpse_copse, temple_doors_e
Temple:   mainiacjoe_temple_trianglar_array

Skill      XL: |  1  2  3  4 |
---------------+-------------+-----
Stealth        | 1 2 |  2.7
Polearms       | 3 |  3.6
Fighting       | |  3.7
Dodging        | |  3.8
Shields        | |  3.7

Action                   |  1- 3 |  4- 6 || total
-------------------------+-------+-------++-------
Melee: Trident           |    66 |   107 ||   173
       Constrict         |    24 |    27 ||    51
       Tentacles         |    10 |    23 ||    33
       Punch             |     1 |     1 ||     2
  Use: Scroll            |       |     5 ||     5
 Stab: Sleeping          |     8 |     7 ||    15
Armor: Skin              |     7 |     9 ||    16
Dodge: Dodged            |    38 |    57 ||    95
Block: Buckler           |    10 |    27 ||    37

Table legend: (Time is in decaauts)
 A = Elapsed time spent in this place.
 B = Non-inter-level travel time spent in this place.
 C = Inter-level travel time spent in this place.
 D = Time resting spent in this place.
 E = Time spent auto-exploring this place.
 F = Levels seen in this place.
 G = Mean time per level.
                   A        B        C        D        E       F      G
               +--------+--------+--------+--------+--------+-----+--------+
         Total |   3770 |   3641 |    129 |    180 |   2779 |   5 |  754.0 |
       Dungeon |   3371 |   3291 |     80 |    180 |   2437 |   4 |  842.8 |
        Temple |    398 |    349 |     49 |      0 |    342 |   1 |  398.0 |
               +--------+--------+--------+--------+--------+-----+--------+

Top non-repeatable levels by time:
     D:2: 1124 daAuts
     D:3: 1032 daAuts
     D:1: 883 daAuts
  Temple: 398 daAuts
     D:4: 331 daAuts
